 Dungeon Crawl Stone Soup version 0.29-a0-1023-g6ae1a4a2c7 (webtiles) character file.

Game seed: 14170489018516374281

26 spaghetti the Ruffian (level 2, 0/36 HPs)
             Began as a Demonspawn Berserker on Aug 11, 2022.
             Was a Follower of Trog.
             Slain by a ball python (3 damage)
             ... on level 2 of the Dungeon.
             The game lasted 00:01:38 (1375 turns).

spaghetti the Ruffian (Demonspawn Berserker)        Turns: 1375, Time: 00:01:38

Health: 0/36       AC:  2    Str: 17    XL:     2   Next: 89%
Magic:  2/2        EV:  9    Int:  8    God:    Trog [*.....]
Gold:   102        SH:  0    Dex: 12    Spells: 1/1 levels left

rFire   . . .      SeeInvis .     - Unarmed
rCold   . . .      Faith    .   (no shield)
rNeg    . . .      Spirit   .   a - +0 animal skin
rPois   .          Reflect  .   (no helmet)
rElec   .          Harm     .   (no cloak)
rCorr   .          Rampage  .   (no gloves)
Will    .....                   (no boots)
Stlth   ..........              (no amulet)
HPRegen 0.12/turn               (no ring)
MPRegen 0.08/turn               (no ring)

@: berserking, constricted, very quick
A: hooves 1
a: Renounce Religion, Berserk


You were on level 2 of the Dungeon.
You worshipped Trog.
Trog was aware of your devotion.
You visited 1 branch of the dungeon, and saw 2 of its levels.

You collected 102 gold pieces.


Innate Abilities, Weirdness & Mutations

You have large cloven feet.


   Skills:
 - Level 3.0 Fighting
 - Level 0.6 Ranged Weapons
 + Level 1.1 Throwing
 - Level 1.7 Armour
 - Level 1.7 Dodging
 + Level 3.3 Unarmed Combat


You had one spell level left.
You didn't know any spells.
Your spell library was empty.

Inventory:

Hand Weapons
 b - a +0 hand crossbow {crossbow}
   (You found it on level 1 of the Dungeon)
 c - a +0 club {mace}
   (You took it off a goblin on level 1 of the Dungeon)
Missiles
 d - 2 javelins (quivered) {throwing}
 g - 7 stones {throwing}
Armour
 a - a +0 animal skin (worn)
 f - a +0 helmet
   (You found it on level 1 of the Dungeon)
Jewellery
 j - an amulet of magic regeneration {@e2}
   (You found it on level 1 of the Dungeon)
Scrolls
 e - a scroll of enchant armour {unknown}
 h - 3 scrolls of identify {unknown}
 i - a scroll of fear {unknown}
 k - 2 scrolls of magic mapping {unknown}
 n - a scroll of poison {unknown}
Potions
 l - a potion of mutation {unknown}
 m - a potion of magic {unknown}

Dungeon Overview and Level Annotations

Branches:
Dungeon (2/15) Zot: 10614

Altars:

#....#....... ####.##
#....##....#. .....#
#....##.##.#.
.....###....##.#....
............##...###
.#..........##....#
#..........##....##
#SK).....#.##...... ..
#.@......#.######..
....#......>.'....###..
..............#.##.#.†..
###...........#.##.#.###
#......#...##.##...#
#......#.#.....#####
#......#.#..#†.####
#......#..........####
#.....?#####..#.).....


You could see a ball python and a kobold.


Message History

No target in view!
No target in view!
No target in view!
No target in view!
No target in view!
No target in view!
No target in view!
No target in view!
No target in view!
No target in view!
You see here a giant cockroach corpse.
You see here a giant cockroach corpse.
Key pressed, stopping explore.
You see here a hobgoblin corpse.
There is a stone staircase leading down here.
A giant cockroach comes into view.
A giant cockroach is nearby!
You barely miss the giant cockroach. The giant cockroach misses you.
You closely miss the giant cockroach. You kick the giant cockroach.
The giant cockroach bites you but does no damage.
You closely miss the giant cockroach.
The giant cockroach bites you but does no damage.
You hit the giant cockroach.
You kill the giant cockroach!
Trog accepts your kill.
No target in view!
No target in view!
No target in view!
No target in view!
No target in view!
No target in view!
No target in view!
No target in view!
There is a stone staircase leading down here.
A kobold comes into view. It is wielding a +0 club.
A kobold is nearby!
The kobold shouts!
A ball python comes into view.
You closely miss the kobold.
The kobold hits you with a +0 club. 😕 HP[-4]
You take 4 damage, and now have 20/24 hp.
You are too injured to fight recklessly!
You are too injured to fight recklessly!
You are too injured to fight recklessly!
You are too injured to fight recklessly!
You are too injured to fight recklessly!
You are too injured to fight recklessly!
You are too injured to fight recklessly!
You are too injured to fight recklessly!
You are too injured to fight recklessly!
You are too injured to fight recklessly!
You are too injured to fight recklessly!
You are too injured to fight recklessly!
You are too injured to fight recklessly!
There are monsters nearby!
There are monsters nearby!
You closely miss the kobold.
The ball python hisses angrily.
Your kick misses the kobold.
The kobold hits you with a +0 club. 😮 HP[-4]
You take 4 damage, and now have 16/24 hp.
You barely miss the kobold. You kick the kobold, but do no damage.
The kobold barely misses you.
You barely miss the kobold. Your kick misses the kobold.
The kobold hits you but does no damage.
You hit the kobold. The ball python bites you.
The ball python closely misses you. 😮 HP[-2]
You take 2 damage, and now have 14/24 hp.
You closely miss the kobold. The kobold hits you with a +0 club.
* * * LOW HITPOINT WARNING * * *
The ball python bites you.
* * * LOW HITPOINT WARNING * * *
The ball python barely misses you. 😨 HP[-4]
You take 4 damage, and now have 10/24 hp.
You hit the kobold but do no damage. Your kick misses the kobold.
The ball python bites you.
* * * LOW HITPOINT WARNING * * *
The ball python grabs you. The ball python constricts you.
* * * LOW HITPOINT WARNING * * *
The kobold closely misses you. 😨 HP[-2]
You take 2 damage, and now have 8/24 hp.
You hit the kobold but do no damage. The ball python bites you.
* * * LOW HITPOINT WARNING * * *
The ball python constricts you.
* * * LOW HITPOINT WARNING * * *
The kobold barely misses you. 😱 HP[-4]
You take 4 damage, and now have 4/24 hp.
Unknown command.
A red film seems to cover your vision as you go berserk!
You feel yourself moving faster!
You feel mighty! The ball python bites you.
* * * LOW HITPOINT WARNING * * *
The ball python constricts you.
* * * LOW HITPOINT WARNING * * *
The kobold barely misses you. The ball python bites you.
You die...

Skill      XL: |  1  2 |
---------------+-------+-----
Unarmed Combat | 3 |  3.3
Throwing       | 1 |  1.1
Fighting       | |  3.0
Ranged Weapons | |  0.6
Armour         | |  1.7
Dodging        | |  1.7

Action                   || total
-------------------------++-------
Melee: Unarmed           ||    48
       Kick              ||    10
       Punch             ||     1
Invok: Berserk           ||     2
 Stab: Sleeping          ||     1
Armor: Animal skin       ||     8
Dodge: Dodged            ||    24

Levels and vault maps discovered:
D:1:      dpeg_arrival_stonehenge_8_columns, layout_loops_corners,
          basic_ecumenical_altar
D:2:      layout_basic, solitary_fountain

Notes
Turn   | Place    | Note
-------+----------+-------------------------------------------
     0 | D:1      | spaghetti the Demonspawn Berserker began the quest for the
                  | Orb.
     0 | D:1      | Reached XP level 1. HP: 18/18 MP: 1/1
     0 | D:1      | magus.rc [v1.9.6]
   300 | D:1      | Reached skill level 3 in Unarmed Combat
   367 | D:1      | Gained mutation: You have large cloven feet. [demonic
                  | ancestry]
   367 | D:1      | Reached XP level 2. HP: 20/24 MP: 2/2
   747 | D:1      | Found a faded altar of an unknown god.
  1233 | D:2      | Reached skill level 1 in Throwing
  1374 | D:2      | HP: 5/24 [ball python (3)]
  1375 | D:2      | Slain by a ball python

Vanquished Creatures
  A dart slug (D:1)
  2 endoplasms (D:1)
  3 giant cockroaches
  2 goblins (D:1)
  4 hobgoblins
  2 kobolds (D:1)
  2 ball pythons (D:1)
  2 bats
  3 rats (D:1)
21 creatures vanquished.

Table legend:
 A = Non-vault XP
 B = Vault XP
 C = Vault XP percentage of total XP
 D = Non-vault monster count
 E = Vault monster count
 F = Vault count percentage of total count
                 A         B        C        D         E       F
            +---------+---------+-------+---------+---------+-------
      Total |      38 |       0 |   0.0 |      21 |       0 |   0.0
            +---------+---------+-------+---------+---------+-------
        D:1 |      30 |       0 |   0.0 |      17 |       0 |   0.0
        D:2 |       8 |       0 |   0.0 |       4 |       0 |   0.0
            +---------+---------+-------+---------+---------+-------

Illustrated notes

Table legend:
 A = Kills in this place as a percentage of kills in entire the game.
 B = Kills by you in this place as a percentage of kills by you in the entire game.
 C = Kills by friends in this place as a percentage of kills by friends in the entire game.
 D = Other kills in this place as a percentage of other kills in the entire game.
 E = Experience gained in this place as a percentage of experience gained in the entire game.
 F = Experience gained in this place divided by the number of levels of this place that you have seen.
                   A       B       C       D       E      F
               +-------+-------+-------+-------+-------+----------------------
         Total | 100.0 | 100.0 |   N/A |   N/A | 100.0 |  19.0
       Dungeon | 100.0 | 100.0 |   N/A |   N/A | 100.0 |  19.0
               +-------+-------+-------+-------+-------+----------------------

Table legend: (Time is in decaauts)
 A = Elapsed time spent in this place.
 B = Non-inter-level travel time spent in this place.
 C = Inter-level travel time spent in this place.
 D = Time resting spent in this place.
 E = Time spent auto-exploring this place.
 F = Levels seen in this place.
 G = Mean time per level.
                   A        B        C        D        E       F      G
               +--------+--------+--------+--------+--------+-----+--------+
         Total |   1384 |   1306 |     78 |      2 |   1171 |   2 |  692.0 |
       Dungeon |   1384 |   1306 |     78 |      2 |   1171 |   2 |  692.0 |
               +--------+--------+--------+--------+--------+-----+--------+

Top non-repeatable levels by time:
     D:1: 1163 daAuts
     D:2: 220 daAuts
